 Dungeon Crawl Stone Soup version 0.30.1-3-gfc49f6343a (webtiles) character file.

Game seed: 822647697754519206

29 KyoPewz the Cudgeller (level 3, -1/36 HPs)
             Began as an Ogre Gladiator on Aug 4, 2023.
             Slain by an orc priest
             ... wielding a +0 trident
              (8 damage)
             ... on level 2 of the Dungeon.
             The game lasted 00:02:22 (1172 turns).

KyoPewz the Cudgeller (Ogre Gladiator)              Turns: 1172, Time: 00:02:22

Health: -1/36      AC:  3    Str: 20    XL:     3   Next: 16%
Magic:  3/3        EV: 10    Int:  9    God:
Gold:   76         SH:  0    Dex: 10    Spells: 2/2 levels left

rFire   . . .        a - +0 flail
rCold   . . .        (no shield)
rNeg    . . .        b - +0 robe
rPois   .            c - +0 hat
rElec   .            (no cloak)
rCorr   .            (gloves unavailable)
SInv    .            (boots unavailable)
Will    .....        (no amulet)
Stlth   +            (no ring)
HPRegen 0.26/turn    (no ring)
MPRegen 0.08/turn

%: no passive effects
@: no status effects
A: large, unfitting armour, tough skin 1
a: no special abilities


You were on level 2 of the Dungeon.
You visited 1 branch of the dungeon, and saw 2 of its levels.

You collected 76 gold pieces.

Inventory:

Hand Weapons
 a - a +0 flail (weapon)
Missiles
 d - 3 throwing nets (quivered)
 e - a large rock
 o - 5 poisoned darts
 p - 11 stones
Armour
 b - a +0 robe (worn)
 c - a +0 hat (worn)
Jewellery
 h - a ring of fire
 W - a ring of wizardry
Scrolls
 f - 2 scrolls of identify {unknown}
 g - a scroll of vulnerability {unknown}
 i - a scroll of teleportation {unknown}
 k - a scroll of noise {unknown}
 m - a scroll of acquirement {unknown}
 n - a scroll of immolation {unknown}
 q - a scroll of torment {unknown}
Potions
 j - 2 potions of heal wounds {unknown}
 l - a potion of lignification {unknown}


   Skills:
 - Level 2.6 Fighting
 + Level 3.8 Maces & Flails
 - Level 2.0 Throwing
 - Level 2.6 Dodging


You had 2 spell levels left.
You didn't know any spells.
Your spell library was empty.

Dungeon Overview and Level Annotations

Branches:
Dungeon (2/15)

Altars:

Shops:
D:1 :


Innate Abilities, Weirdness & Mutations

You are too large for most types of armour.
You have tough skin. (AC +1)


Message History

You hear a shout!
An orc comes into view. It is wielding a +0 morningstar.
The orc shouts! x2; The orc wizard shouts!
You open the door. The orc attacks as you move away!
The orc hits you with a +0 hand axe.
There is an open door here.
You take 3 damage, and have 33/36 hp.
The orc attacks as you move away! The orc hits you with a +0 hand axe.
You take 1 damage, and have 32/36 hp.
You sock the orc!
You kill the orc!
The orc wizard casts a spell at you. You resist with some effort.
Health restored: 36 You closely miss the orc.
The orc hits you with a +0 hand axe!
You take 7 damage, and have 29/36 hp.
You hit the orc.
The orc is lightly wounded.
The orc hits you with a +0 hand axe. The orc barely misses you.
You take 6 damage, and have 23/36 hp.
You barely miss the orc.
The orc is lightly wounded.
The orc hits you with a +0 hand axe. The orc wizard closely misses you.
You take 2 damage, and have 21/36 hp.
You barely miss the orc.
The orc is lightly wounded.
The orc wizard closely misses you. The orc hits you with a +0 hand axe.
You take 6 damage, and have 15/36 hp.
You closely miss the orc.
The orc is lightly wounded.
The orc wizard hits you with a +0 dagger of venom.
The orc hits you with a +0 hand axe.
* * * LOW HITPOINT WARNING * * *
The orc priest barely misses you.
You take 9 damage, and have 6/36 hp.
MASSIVE DAMAGE!!
You hit the orc.
The orc is almost dead.
The orc wizard completely misses you.
The orc priest hits you from afar with a +0 trident!
You die...

####.#### ##.......####
#.......####.......# #$
#.#................##...
# #.....o..........#....
#.....###........#.#.o
#.#.#.#o# #........#...o
#.....oo# #.#......#...
###.###o# #o##...#.#.. .
#.###@###o###)##o#o#..
#.....o.....#.##.#....
#####.##......##......
#.##.....oo.......
...........##.$...
##.###.......##.... #.#
#..#...#######
#......##.## #####.###.#


You could see an orc priest, 2 orc wizards and 3 orcs.

Vanquished Creatures
  An adder (D:2)
  2 dart slugs (D:2)
  An orc (D:2)
  2 endoplasms
  A goblin (D:1)
  2 hobgoblins (D:1)
  4 bats
  A frilled lizard (D:1)
  A kobold (D:1)
  A rat (D:1)
16 creatures vanquished.

Notes
Turn   | Place    | Note
-------+----------+-------------------------------------------
     0 | D:1      | KyoPewz the Ogre Gladiator began the quest for the Orb.
     0 | D:1      | Reached XP level 1. HP: 22/22 MP: 1/1
   117 | D:1      | Found Yggufili's Vocational Training.
   258 | D:1      | Reached skill level 3 in Maces & Flails
   459 | D:1      | Reached XP level 2. HP: 26/29 MP: 2/2
  1039 | D:2      | Reached XP level 3. HP: 21/36 MP: 3/3
  1172 | D:2      | Slain by an orc priest

Illustrated notes

Levels and vault maps discovered:
D:1:      matt_arrival_diagonals, layout_basic, hangedman_feature_mirror,
          nicolae_shop_vocational
D:2:      cheibrodos_pilgrimage, layout_loops_corners, minmay_snake_closets,
          uniq_crazy_yiuf_cottage

Skill      XL: |  1 |
---------------+----+-----
Maces & Flails | 3 |  3.8
Fighting       | |  2.6
Throwing       | |  2.0
Dodging        | |  2.6

Action                     || total
---------------------------++-------
  Melee: Flail             ||    71
   Stab: Sleeping          ||     2
 Armour: Robe              ||    17
  Dodge: Dodged            ||    52
